 Dungeon Crawl Stone Soup version 0.30-a0-339-g89bb51ec76 (webtiles) character file.

Game seed: 17761593575931761697

37 p00ps00p the Trooper (level 3, -3/36 HPs)
             Began as a Hill Orc Fighter on Nov 1, 2022.
             Slain by Sigmund
             ... wielding a +0 scythe
              (7 damage)
             ... on level 2 of the Dungeon.
             The game lasted 00:01:39 (540 turns).

p00ps00p the Trooper (Hill Orc Fighter)              Turns: 540, Time: 00:01:39

Health: -3/36      AC:  8    Str: 18    XL:     3   Next: 41%
Magic:  3/3        EV:  9    Int:  8    God:
Gold:   62         SH:  4    Dex: 12    Spells: 2/2 levels left

rFire   . . .      SeeInvis .    a - +0 war axe
rCold   . . .      Faith    .    c - +0 buckler
rNeg    . . .      Spirit   .    b - +0 scale mail
rPois   .          Reflect  .    (no helmet)
rElec   .          Harm     .    (no cloak)
rCorr   .          Rampage  .    g - +0 pair of gloves
Will    .....                    (no boots)
Stlth   ..........               (no amulet)
HPRegen 0.26/turn                (no ring)
MPRegen 0.08/turn                (no ring)

@: no status effects
A: no striking features
a: no special abilities


You were on level 2 of the Dungeon.
You visited 1 branch of the dungeon, and saw 2 of its levels.

You collected 62 gold pieces.

Inventory:

Hand Weapons
 a - a +0 war axe (weapon)
 l - the +7 sling "Taz Fob" {freeze, rElec}
   (You found it on level 2 of the Dungeon)

   Any ammunition fired from it freezes those it strikes, dealing additional
   cold damage.
   It can also slow down cold-blooded creatures.
   rElec:     It insulates you from electricity.
Armour
 b - a +0 scale mail (worn)
 c - a +0 buckler (worn)
 g - a +0 pair of gloves (worn)
Jewellery
 f - an amulet of faith
Scrolls
 h - 2 scrolls of identify {unknown}
 i - a scroll of teleportation {unknown}
 j - a scroll of vulnerability {unknown}
 m - a scroll of butterflies {unknown}
Potions
 d - a potion of might
 e - 2 potions of haste
 k - a potion of magic {unknown}
 n - a potion of brilliance {unknown}
 o - a potion of curing {unknown}


   Skills:
 + Level 5.3 Fighting
 - Level 2.6 Axes
 - Level 3.2 Armour
 - Level 3.2 Shields


You had 2 spell levels left.
You didn't know any spells.
Your spell library was empty.

Dungeon Overview and Level Annotations

Branches:
Dungeon (1/15)

Altars:

Shops:
D:1 (   D:2 [

Annotations:
D:2 Sigmund


Message History

The bat hits you but does no damage. x2
You barely miss the bat. The bat hits you. You block the bat's attack.
The bat hits you but does no damage.
Sigmund the Dreaded comes into view.
He is wielding a +0 scythe.
Sigmund shouts!
The bat barely misses you.
You barely miss the bat. You block the bat's attack.
The bat hits you but does no damage.
An endoplasm comes into view.
Sigmund casts a spell.
Sigmund flickers and vanishes!
Deactivating autopickup; reactivate with Ctrl-A.
You barely miss the goblin.
The endoplasm quivers.
The bat hits you but does no damage. The goblin hits you but does no damage.
The bat barely misses you. The goblin closely misses you.
You hit the goblin.
You kill the goblin!
You closely miss the bat. The bat hits you but does no damage.
The bat hits you.
You barely miss the bat. You block the bat's attack.
The bat closely misses you.
You hear some strange, mumbled words.
A puff of flame appears from out of thin air!
The puff of flame hits you! You block the bat's attack. Something hits you!
You barely miss something. You barely miss the bat. You block the bat's attack.
Something hits you!
You completely miss something. You completely miss the bat.
The bat closely misses you. Something hits you but does no damage.
You hit something but do no damage. You barely miss the bat.
The bat hits you but does no damage. x2
You hear some strange, mumbled words.
A magic dart appears from out of thin air!
The magic dart hits you!
* * * LOW HITPOINT WARNING * * *
You closely miss something. You slash the bat!
You kill the bat!
Something hits you!
You die...

.####.#.##..##..#
............##..#######
#####.#.###.#...........
.# #.#.# ..?.#..#...#..
.# #.............#.#..
.# #.#...#.#.#....∩.. .
.#. #.#.###.#.#...#.#...
.#.##...###.#.#)†#...#..
..>.............@{J.....
.................##.###.
##.##.#.###.#......(.
#......# #.#.#..####
#.##.#.###.........
##.##.#..........###
.................#
##.####..######... #.#
#..... ..##


You could see an endoplasm.

Vanquished Creatures
  A dart slug (D:2)
  4 bats
  An endoplasm (D:2)
  A giant cockroach (D:2)
  3 goblins (D:2)
  3 hobgoblins
  6 jackals (D:1)
  2 kobolds (D:1)
  2 quokkas (D:1)
  3 ball pythons
  A frilled lizard (D:1)
  4 rats (D:2)
31 creatures vanquished.

Notes
Turn   | Place    | Note
-------+----------+-------------------------------------------
     0 | D:1      | p00ps00p the Hill Orc Fighter began the quest for the Orb.
     0 | D:1      | Reached XP level 1. HP: 19/19 MP: 1/1
    26 | D:1      | Reached skill level 4 in Fighting
    30 | D:1      | Found Giqotyin's Weapon Boutique.
    41 | D:1      | Reached XP level 2. HP: 25/27 MP: 2/2
   206 | D:1      | You fall into a shaft and drop 1 floor!
   288 | D:2      | Identified the +7 sling "Taz Fob" {freeze, rElec}
   338 | D:2      | Reached skill level 5 in Fighting
   338 | D:2      | Reached XP level 3. HP: 36/36 MP: 3/3
   527 | D:2      | Found Vaceas's Armour Shop.
   531 | D:2      | Noticed Sigmund
   540 | D:2      | Slain by Sigmund

Illustrated notes

Levels and vault maps discovered:
D:1:      tarquinn_simple_flora_water_f, layout_loops_ring, serial_shops, shop
D:2:      layout_basic, serial_shops, nicolae_shop_advertising_works
          [nicolae_subvault_shop_adworks], st_stairs_6, minivault_23,
          minmay_fractal_squares_5, uniq_sigmund

Skill      XL: |  1  2 |
---------------+-------+-----
Fighting       | 4 5 |  5.3
Axes           | |  2.6
Armour         | |  3.2
Shields        | |  3.2

Action                   || total
-------------------------++-------
Melee: War axe           ||    75
Armor: Scale mail        ||    40
Dodge: Dodged            ||    45
Block: Buckler           ||    30

Table legend: (Time is in decaauts)
 A = Elapsed time spent in this place.
 B = Non-inter-level travel time spent in this place.
 C = Inter-level travel time spent in this place.
 D = Time resting spent in this place.
 E = Time spent auto-exploring this place.
 F = Levels seen in this place.
 G = Mean time per level.
                   A        B        C        D        E       F      G
               +--------+--------+--------+--------+--------+-----+--------+
         Total |    569 |    569 |      0 |      0 |    342 |   2 |  284.5 |
       Dungeon |    569 |    569 |      0 |      0 |    342 |   2 |  284.5 |
               +--------+--------+--------+--------+--------+-----+--------+

Top non-repeatable levels by time:
     D:2: 347 daAuts
     D:1: 222 daAuts
